Unix NetHack Version 3.7.0-71 Work-in-progress - last build Jan 31 2023 02:41:03 (7ba98a1283f2b7cec35fde026edb48fc825ab8ae,branch:master). Game began 2023-02-06 19:37:06, ended 2023-02-06 19:50:45. galadriel, neutral female human Priestess ----------- ------- |.........| .......##f@### |.......... |.....| ------ #...<......| ......| #+.!]!| #|.........+ |......# #|.!!!| #|.........| -------# #|.!!!| #---.------- # # #------ # ########### # #### # ## ### ### # # # # ## ###### ## # -----# #### # . # #### # # |....########## # .. ##### ##----------# |...|# --.-- # ... #####.........|# |...|# |...|# # $.. #|........|# |....# |....### -.-.-- # |.... #|........|# |...| |[..|# #######......#### ...... #-........|# ---+- ----- #######|...>| -------- |.........# #.....| ---------- ------ Galadriel the Aspirant St:12 Dx:15 Co:9 In:10 Wi:18 Ch:11 Neutral S:494 Dlvl:5 $:88 HP:0(17) Pw:22(22) AC:5 Xp:2/39 T:2166 Latest messages: The grid bug bites! You get zapped! You miss the grid bug. The grid bug bites! You kill the grid bug! The coyote misses! The coyote misses! The coyote bites! It misses the coyote. The coyote bites! You kill the coyote! The coyote bites! You kill the coyote! You see here a coyote corpse. The dog eats a coyote corpse. There is a coyote corpse here; eat it? [ynq] (n) y This coyote corpse is fatty. You finish eating the coyote corpse. You find a hidden passage. You find a hidden door. The door opens. You stop. Your dog is in the way! You see here a cream pie. z - a cream pie. You hear a door open. You swap places with your dog. You swap places with your dog. Pick an object. You miss the kitten. The kitten bites! The kitten bites! You swap places with your dog. The dog bites the kitten. The kitten misses the dog. The dog misses the kitten. You hear some noises. It bites the kitten. The kitten misses it. It bites the kitten. You miss the kitten. The kitten bites! The kitten bites! You miss the kitten. The kitten bites! It misses the kitten. The kitten bites! It bites the kitten. The kitten bites! You die... Do you want your possessions identified? [ynq] (y) q Inventory: Coins $ - 88 gold pieces Weapons x - 9 blessed +0 arrows k - a blessed +0 orcish dagger (at the ready) m - a +0 orcish dagger a - a blessed +1 mace (weapon in hand) Armor o - a +0 orcish helm (being worn) c - a blessed +0 small shield (being worn) b - a blessed +0 robe (being worn) u - a +1 T-shirt with text "Ms. Palm's House of Negotiable Affection--A Very Reputable House Of Disrepute" (being worn) Comestibles z - a cream pie Scrolls w - a scroll of magic mapping Spellbooks h - a spellbook of detect monsters p - a spellbook of light g - a spellbook of protection Potions n - a potion of full healing d - 4 potions of holy water Rings l - a ring of poison resistance (on left hand) Tools i - an oil lamp y - an oil lamp v - a tin opener Gems/Stones q - 2 worthless pieces of green glass Galadriel the Priestess's attributes: Background: You were an Aspirant, a level 2 human Priestess. You were neutral, on a mission for Raijin who was opposed by Amaterasu Omikami (lawful) and Susanowo (chaotic). You were in the Dungeons of Doom, on level 5. You entered the dungeon 2166 turns ago. There was a full moon in effect when your adventure ended. You had 39 experience points, 1 more was needed to attain level 3. Your score was 494 before end-of-game adjustments. Basics: You had 0 out of 17 hit points. You had all 22 energy points (spell power). Your armor class was 5. Your wallet contained 88 zorkmids. Autopickup was off. Final Characteristics: Your strength was 12 (limit:18/100). Your dexterity was 15 (limit:18). Your constitution was 9 (limit:18). Your intelligence was 10 (limit:18). Your wisdom was 18 (limit:18). Your charisma was 11 (limit:18). Final Status: You were not hungry. You were unencumbered. You were wielding a mace. You had basic skill with mace. Final Attributes: You were fervently aligned. You were poison resistant. You were guarded. You were lucky. You are dead. Miscellaneous: You never encountered a bones level. Total elapsed playing time was 13 minutes and 37 seconds. Major events: Turn 1: galadriel the neutral human Priestess entered the dungeon 1693: entered the Gnomish Mines 2166: killed by a kitten Vanquished creatures: a homunculus 2 orc zombies a wererat 2 coyotes a brown mold a red mold 2 geckos 5 jackals a fox a kobold 4 goblins 3 sewer rats 8 grid bugs 2 bats 3 lichens 2 kobold zombies 5 newts 44 creatures vanquished. No species were genocided or became extinct. Voluntary challenges: You read items or engraved 2 times. You engraved Elbereth 1 time. You never genocided any monsters. You never polymorphed an object. You never changed form. You used no wishes. Achievements: You entered a shop. You entered the Gnomish Mines. The Dungeons of Doom: levels 1 to 6 Level 1: A fountain. Level 2: A fountain. Level 3: An armor shop, a fountain. Level 4: A general store, a fountain, a sink. Stairs down to The Gnomish Mines. Level 5: <- You were here. A potion shop, a grave. Final resting place for you, killed by a kitten. Level 6: The Gnomish Mines: Level 5: Game over: ---------- / \ / REST \ / IN \ / PEACE \ / \ | galadriel | | 88 Au | | killed by a | | kitten | | | | | | 2023 | *| * * * | * _________)/\\_//(\/(/\)/\//\/|_)_______ Goodbye galadriel the Priestess... You died in The Dungeons of Doom on dungeon level 5 with 486 points, and 88 pieces of gold, after 2166 moves. You were level 2 with a maximum of 17 hit points when you died.